 Dungeon Crawl Stone Soup version 0.25-a0-340-ga1faa1601d (webtiles) character file.

Game seed: 16573849895087987755, levelgen mode: deterministic

13125 pk666 the Thaumaturge (level 11, -2/54 HPs)
             Began as a Deep Elf Wizard on Dec 29, 2019.
             Was an Elder of Vehumet.
             Slain by an unseen horror (9 damage)
             ... on level 12 of the Dungeon.
             The game lasted 00:40:54 (17342 turns).

pk666 the Thaumaturge (Deep Elf Wizard)            Turns: 17342, Time: 00:40:55

Health: -2/54      AC:  7    Str:  4    XL:     11   Next: 71%
Magic:  25/30      EV: 17    Int: 27    God:    Vehumet [****..]
Gold:   768        SH:  0    Dex: 13    Spells: 17/36 levels left

rFire    . . .     SeeInvis .   o - +1 dagger (venom)
rCold    . . .     Gourm    .   (no shield)
rNeg     + . .     Faith    .   e - +2 robe {Archmagi}
rPois    .         Spirit   .   b - +1 hat
rElec    .         Reflect  .   L - scarf {cloud immunity}
rCorr    .         Harm     .   a - +0 pair of gloves
MR       +....                  G - +0 pair of boots
Stlth    ++........             p - amulet of magic regeneration
HPRegen  0.18/turn              k - ring of positive energy
MPRegen  0.47/turn              (no ring)

@: no status effects
A: no striking features
a: Renounce Religion


You were on level 12 of the Dungeon.
You worshipped Vehumet.
Vehumet was greatly pleased with you.
You were not hungry.

You visited 2 branches of the dungeon, and saw 13 of its levels.

You collected 768 gold pieces.

Inventory:

Hand Weapons
 o - a +1 dagger of venom (weapon)
Armour
 a - a +0 pair of gloves (worn)
 b - a +1 hat (worn)
 e - a +2 robe of the Archmagi (worn)
 G - a +0 pair of boots (worn)
 L - a scarf of cloud immunity (worn)
Jewellery
 k - a ring of positive energy (left hand)
 p - an amulet of magic regeneration (around neck)
 E - an uncursed ring of protection from cold {unknown}
 I - the ring "Madweest" {rElec rF+ Str+2 Stlth-}
   (You took it off an orc on level 10 of the Dungeon)

   [ring of protection from fire]

   It affects your strength (+2).
   It protects you from fire.
   It insulates you from electricity.
   It makes you less stealthy.
Wands
 n - a wand of random effects (23)
 u - a wand of iceblast (9)
 v - a wand of polymorph (3)
Scrolls
 c - 2 scrolls of fog
 g - a scroll of magic mapping {unknown}
 i - 7 scrolls of identify
 m - a scroll of blinking {unknown}
 r - 2 scrolls of enchant armour
 s - 6 scrolls of remove curse
 t - 2 scrolls of fear
 y - 4 scrolls of teleportation
 A - a scroll of noise {unknown}
 B - 2 scrolls of enchant weapon {unknown}
 C - 8 scrolls of amnesia
 K - a scroll of immolation {unknown}
 M - a scroll of acquirement {unknown}
Potions
 f - 3 potions of curing
 h - 3 potions of cancellation {unknown}
 j - a potion of ambrosia {unknown}
 l - 2 potions of might
 q - 9 potions of flight
 w - 2 potions of lignification
 z - a potion of haste {unknown}
 D - a potion of heal wounds
 F - a potion of brilliance {unknown}
 H - a potion of invisibility {unknown}
 J - a potion of resistance {unknown}
Comestibles
 d - 14 rations
 x - 3 chunks of flesh


   Skills:
 + Level 9.4 Dodging
 - Level 2.4 Stealth
 + Level 13.4 Spellcasting
 + Level 11.0 Conjurations
 - Level 2.0 Summonings
 - Level 1.1 Translocations
 + Level 10.1 Fire Magic
 - Level 2.0 Air Magic
 - Level 2.1 Poison Magic


You had 17 spell levels left.
You knew the following spells:

 Your Spells              Type           Power        Failure   Level  Hunger
a - Magic Dart            Conj           ####         1%          1    None
b - Blink                 Tloc           N/A          3%          2    None
c - Conjure Flame         Conj/Fire      #######.     1%          3    None
d - Mephitic Cloud        Conj/Pois/Air  ######..     1%          3    None
e - Call Imp              Summ           #####...     1%          2    None
f - Iskenderun's Mystic   Conj/Tloc      ######..     1%          4    None
g - Sticky Flame          Conj/Fire      #######.     1%          4    None

Your spell library contained the following spells:

 Spells                   Type           Power        Failure   Level  Hunger
 Sandblast                Erth           ####..       1%          1    None
 Poisonous Vapours        Pois/Air       #####.       1%          2    None
 Searing Ray              Conj           ######       1%          2    None
 Dazzling Flash           Conj/Hex       ######       1%          3    None
 Fulminant Prism          Conj/Hex       ######....   1%          4    None
 Confusing Touch          Hex            ####..       3%          1    None
 Corona                   Hex            ####...      3%          1    None
 Ensorcelled Hibernation  Hex/Ice        ####..       4%          2    None
 Slow                     Hex            ####....     4%          2    None
 Confuse                  Hex            ####....     9%          3    None
 Tukima's Dance           Hex            ####....     9%          3    None
 Yara's Violent Unravell  Hex/Tmut       ####......   21%         5    ##.....
 Freezing Cloud           Conj/Ice/Air   ######....   21%         6    ####...
 Ring of Flames           Chrm/Fire      ######....   97%         7    ######.
 Invisibility             Hex            ####....     99%         6    ####...


Dungeon Overview and Level Annotations

Branches:
Dungeon (12/15)            Temple (1/1) D:4            Lair (0/6) D:10
    Orc (0/2) D:10

Altars:
Ashenzari
Cheibriados
Dithmenos
Elyvilon
Fedhas
Gozag
Hepliaklqana
Kikubaaqudgha
Makhleb
Nemelex Xobeh
Okawaru
Qazlal
Ru
Sif Muna
Trog
Uskayaw
Vehumet
Wu Jian
Xom
Yredelemnul
Zin
The Shining One

Shops:
D:9 %   D:10 *(%


Message History

Something hits you!
Casting: Magic Dart (safe; 1% risk of failure)
Confirm with . or Enter, or press ? or * to list all spells.
Aiming: Magic Dart (safe; 1% risk of failure)
Press: ? - help, Shift-Dir - straight line, f/p - worker ant
Aim: a worker ant You feel a surge of power!
The magic dart hits something.
Something hits you.
* * * LOW HITPOINT WARNING * * *
Something hits you but does no damage.
Casting: Magic Dart (safe; 1% risk of failure)
Confirm with . or Enter, or press ? or * to list all spells.
Aiming: Magic Dart (safe; 1% risk of failure)
Press: ? - help, Shift-Dir - straight line, f/p - worker ant
Aim: a worker ant You feel a surge of power!
The magic dart hits something but does no damage.
Something hits you!
* * * LOW HITPOINT WARNING * * *
Something hits you!
You die...

.######..#
.........#
########.#
#.# #.#
#.# #a#
#{# #@#
#[# #.#
#.# #. #.#
#.# #.#
#.# #.#
#.# #.#
#.# #.#


You could see a worker ant.

Vanquished Creatures
  A hydra (D:11)
  Erica (D:9)
  4 two-headed ogres
  Pikel (D:7)
  An ugly thing (D:11)
  A queen bee (D:10)
  3 hippogriffs
  A basilisk (D:10)
  A wraith (D:10)
  5 yaks (D:10)
  A wyvern (D:10)
  A steam dragon (D:9)
  Menkaure (D:4)
  A hungry ghost (D:9)
  A soldier ant (D:11)
  A water moccasin (D:6)
  3 porcupines (D:10)
  Duvessa (D:4)
  4 orc warriors
  4 black bears
  3 sky beasts
  A slave (D:7)
  An eye of draining (D:9)
  2 ice beasts
  A necrophage (D:10)
  A phantom (D:10)
  7 ogres
  3 centaurs
  3 wolves (D:10)
  4 crocodiles (D:10)
  A big kobold (D:10)
  5 bullfrogs
  2 scorpions
  Dowan (D:4)
  18 killer bees
  A howler monkey (D:6)
  5 crimson imps
  Crazy Yiuf (D:4)
  A centaur zombie (D:5)
  2 hounds
  2 jellies
  13 orc wizards
  A centaur skeleton (D:8)
  8 orc priests
  An iguana (D:8)
  8 worker ants
  A howler monkey zombie (D:7)
  Robin (D:4)
  A howler monkey skeleton (D:5)
  8 adders
  A shadow imp (D:7)
  An ooze (D:2)
  4 worms
  A dart slug (D:1)
  4 leopard geckos
  43 orcs
  4 ball pythons
  3 bats
  4 giant cockroaches
  20 goblins
  11 hobgoblins
  9 jackals
  2 quokkas
  3 frilled lizards
  12 kobolds
  7 rats
273 creatures vanquished.

Vanquished Creatures (collateral kills)
  A gargoyle (D:10)
  2 killer bees (D:10)
  A worker ant (D:5)
4 creatures vanquished.

Vanquished Creatures (others)
  A scorpion (D:10)
  A centaur skeleton (D:8)
  A giant cockroach (D:8)
  3 bushes (D:10)
  8 fungi (D:10)
  19 plants (D:10)
33 creatures vanquished.

Grand Total: 310 creatures vanquished

Notes
Turn   | Place    | Note
-------+----------+-------------------------------------------
     0 | D:1      | pk666 the Deep Elf Wizard began the quest for the Orb.
     0 | D:1      | Reached XP level 1. HP: 10/10 MP: 7/7
   242 | D:1      | Reached XP level 2. HP: 12/15 MP: 1/9
  1279 | D:2      | Reached skill level 5 in Spellcasting
  1279 | D:2      | Reached XP level 3. HP: 19/19 MP: 5/11
  1283 | D:2      | Learned a level 2 spell: Blink
  1287 | D:2      | Learned a level 3 spell: Conjure Flame
  1291 | D:2      | Learned a level 3 spell: Mephitic Cloud
  1294 | D:2      | Learned a level 2 spell: Call Imp
  1793 | D:2      | Found a bloodstained altar of Trog.
  1813 | D:2      | Reached XP level 4. HP: 24/24 MP: 8/13
  2449 | D:3      | Reached XP level 5. HP: 28/28 MP: 4/15
  2565 | D:3      | Reached skill level 6 in Spellcasting
  2878 | D:3      | Reached XP level 6. HP: 16/32 MP: 5/17
  3154 | D:3      | Found a shimmering blue altar of Sif Muna.
  3182 | D:3      | Reached skill level 5 in Dodging
  3434 | D:4      | Found a staircase to the Ecumenical Temple.
  3488 | Temple   | Entered the Ecumenical Temple
  3639 | Temple   | Became a worshipper of Vehumet
  3901 | D:4      | Noticed Menkaure
  3936 | D:4      | Killed Menkaure
  3936 | D:4      | Reached skill level 7 in Spellcasting
  3936 | D:4      | Reached skill level 1 in Fire Magic
  3936 | D:4      | Reached XP level 7. HP: 23/36 MP: 10/19
  4084 | D:4      | Noticed Dowan
  4102 | D:4      | Killed Dowan
  4102 | D:4      | Reached skill level 1 in Air Magic
  4102 | D:4      | Reached skill level 1 in Poison Magic
  4114 | D:4      | Noticed Duvessa
  4909 | D:4      | Noticed Robin
  4925 | D:4      | Killed Robin
  4994 | D:4      | Found a runed translucent door.
  4995 | D:4      | Noticed Crazy Yiuf
  5431 | D:4      | Killed Crazy Yiuf
  5652 | D:4      | Killed Duvessa
  5836 | D:5      | Entered Level 5 of the Dungeon
  5845 | D:5      | Reached skill level 5 in Conjurations
  6132 | D:5      | Identified the Compendium of Earthen Malediction
  6940 | D:6      | Reached XP level 8. HP: 41/41 MP: 14/21
  6991 | D:6      | Reached skill level 8 in Spellcasting
  7040 | D:6      | Found a shimmering altar of Xom.
  7634 | D:6      | Reached skill level 9 in Spellcasting
  7802 | D:6      | Found a burning altar of Makhleb.
  8067 | D:7      | Reached * piety under Vehumet
  8067 | D:7      | Offered knowledge of Freeze by Vehumet.
  8273 | D:7      | Reached skill level 5 in Fire Magic
  8452 | D:7      | Noticed a hippogriff
  8469 | D:7      | Killed a hippogriff
  8469 | D:7      | Reached XP level 9. HP: 45/45 MP: 14/24
  8539 | D:7      | Noticed Pikel
  9043 | D:7      | Killed Pikel
  9043 | D:7      | Reached skill level 10 in Spellcasting
  9849 | D:8      | Offered knowledge of Shock by Vehumet.
  9884 | D:8      | Reached ** piety under Vehumet
 10911 | D:9      | Reached skill level 11 in Spellcasting
 11092 | D:9      | Noticed a two-headed ogre
 11166 | D:9      | Killed a two-headed ogre
 11166 | D:9      | Reached XP level 10. HP: 23/50 MP: 12/27
 11724 | D:9      | Noticed a two-headed ogre
 11750 | D:9      | Killed a two-headed ogre
 12047 | D:9      | Noticed a two-headed ogre
 12056 | D:9      | Killed a two-headed ogre
 12056 | D:9      | Reached skill level 12 in Spellcasting
 12111 | D:9      | Found Editsyot's Food Emporium.
 12410 | D:9      | Noticed Erica
 12716 | D:9      | Killed Erica
 12852 | D:10     | Entered Level 10 of the Dungeon
 12997 | D:10     | Reached skill level 10 in Conjurations
 13124 | D:10     | Found a staircase to the Orcish Mines.
 13134 | D:10     | Noticed a gargoyle
 13439 | D:10     | Reached XP level 11. HP: 38/54 MP: 6/29
 13440 | D:10     | Offered knowledge of Inner Flame by Vehumet.
 13441 | D:10     | Found a staircase to the Lair.
 13553 | D:10     | Noticed a two-headed ogre
 13564 | D:10     | Killed a two-headed ogre
 13650 | D:10     | Learned a level 4 spell: Iskenderun's Mystic Blast
 13769 | D:10     | Found Sicikh's Weapon Shoppe.
 13801 | D:10     | Reached *** piety under Vehumet
 14797 | D:10     | Found Qirhal's Assorted Antiques.
 15151 | D:10     | Identified the ring "Madweest" {rElec rF+ Str+2 Stlth-}
 15314 | D:10     | Offered knowledge of Sticky Flame by Vehumet.
 15353 | D:10     | Reached skill level 13 in Spellcasting
 15859 | D:10     | Found Syaff's Food Emporium.
 16046 | D:11     | Learned a level 4 spell: Sticky Flame
 16093 | D:11     | Noticed a seven-headed hydra
 16101 | D:11     | Killed a seven-headed hydra
 16419 | D:11     | Reached skill level 10 in Fire Magic
 16445 | D:11     | Noticed a cyan ugly thing
 16472 | D:11     | Killed a cyan ugly thing
 17246 | D:12     | Reached **** piety under Vehumet
 17342 | D:12     | Slain by an unseen horror

Levels and vault maps discovered:
D:1:      minmay_arrival_diagonal_passages, layout_basic
D:2:      layout_basic, trog_three_pillars_becter
D:3:      layout_basic, led_sif_book, first_ration
D:4:      layout_layer_cave, minmay_temple_entry_stoned_glass, uniq_duvessa,
          uniq_robin, uniq_crazy_yiuf_cottage, uniq_menkaure
D:5:      layout_basic
D:6:      layout_loops_corners, lemuel_crystal_altar, basic_altar
D:7:      layout_loops_cross, uniq_pikel
D:8:      layout_loops_ring, lemuel_flame_loot_1
D:9:      layout_basic, serial_shops, shop, uniq_erica
D:10:     layout_basic, minmay_lair_entry_grove, orc_0_dummy, serial_shops,
          nicolae_shop_temple_entry_statues_fountains, shop_statue,
          nicolae_shop_statue_plus, david_nohive_1
D:11:     layout_roguey
D:12:     layout_basic, uniq_nessos
Temple:   regret_index_temple_chain_breaker

Skill      XL: |  1  2  3  4  5  6  7  8  9 10 11 |
---------------+----------------------------------+-----
Dodging        | 3 4 5 7 9 |  9.4
Conjurations   | 2 3 4 5 7 9 10 11 | 11.0
Spellcasting   | 5 6 7 9 11 12 13 | 13.4
Fire Magic     | 1 2 5 7 9 10 | 10.1
Air Magic      | 2 |  2.0
Poison Magic   | 2 |  2.1
Summonings     | 2 |  2.0
Stealth        | |  2.4
Translocations | |  1.1

Action                   |  1- 3 |  4- 6 |  7- 9 | 10-12 || total
-------------------------+-------+-------+-------+-------++-------
Melee: Dagger            |       |       |     1 |     2 ||     3
 Cast: Magic Dart        |    83 |   173 |   446 |   560 ||  1262
       Conjure Flame     |       |    10 |    52 |    59 ||   121
       Blink             |       |     2 |    15 |    17 ||    34
       Mephitic Cloud    |       |     4 |    23 |    25 ||    52
       Call Imp          |       |       |    17 |    12 ||    29
       Iskenderun's Myst |       |       |       |    18 ||    18
       Sticky Flame      |       |       |       |     2 ||     2
  Use: Scroll            |       |     3 |    11 |     3 ||    17
       Potion            |       |       |       |     1 ||     1
  Eat: Chunk             |     2 |     5 |    17 |    12 ||    36
       Ration            |       |       |     2 |     2 ||     4
Armor: Robe              |     7 |     6 |     7 |    38 ||    58
Dodge: Dodged            |    42 |    21 |    66 |   127 ||   256

Table legend:
 A = Non-vault XP
 B = Vault XP
 C = Vault XP percentage of total XP
 D = Non-vault monster count
 E = Vault monster count
 F = Vault count percentage of total count
                 A         B        C        D         E       F
            +---------+---------+-------+---------+---------+-------
      Total |   14225 |    4525 |  24.1 |     228 |      49 |  17.7
            +---------+---------+-------+---------+---------+-------
        D:1 |      35 |       0 |   0.0 |      18 |       0 |   0.0
        D:2 |      83 |       0 |   0.0 |      22 |       0 |   0.0
        D:3 |     309 |      82 |  21.0 |      41 |       2 |   4.7
        D:4 |     168 |     449 |  72.8 |       6 |      16 |  72.7
        D:5 |     244 |       0 |   0.0 |       8 |       0 |   0.0
        D:6 |    1062 |       0 |   0.0 |      17 |       0 |   0.0
        D:7 |     539 |     617 |  53.4 |      12 |       1 |   7.7
        D:8 |    1336 |       0 |   0.0 |      30 |       0 |   0.0
        D:9 |    4103 |     572 |  12.2 |      23 |       1 |   4.2
       D:10 |    3574 |    2805 |  44.0 |      34 |      29 |  46.0
       D:11 |    2522 |       0 |   0.0 |      12 |       0 |   0.0
       D:12 |     250 |       0 |   0.0 |       5 |       0 |   0.0
            +---------+---------+-------+---------+---------+-------
